 Dungeon Crawl Stone Soup version 0.19-a0-1365-gb34f4cb (webtiles) character file.

11607 Kidiri the Thaumaturge (level 11, -2/61 HPs)
             Began as a Deep Elf Fire Elementalist on Sept 1, 2016.
             Was an Elder of Vehumet.
             Slain by a polar bear (22 damage)
             ... in an ice cave on Sept 2, 2016.
             The game lasted 00:50:04 (14966 turns).

Kidiri the Thaumaturge (DEFE)                      Turns: 14966, Time: 00:50:04

Health: -2/61      AC:  9    Str:  5    XL:     11   Next: 51%
Magic:  17/28      EV: 17    Int: 24    God:    Vehumet [****..]
Gold:   603        SH:  0    Dex: 15    Spells: 9 memorised, 7 levels left

rFire  + . .     SeeInvis .     y - +2 dagger (freeze)
rCold  . . .     Gourm    .     a - +1 robe
rNeg   . . .     Faith    .     (no shield)
rPois  .         Spirit   .     (no helmet)
rElec  .         Dismiss  .     l - +1 cloak
rCorr  .         Reflect  .     (no gloves)
MR     +....     Harm     .     (no boots)
Stlth  +++.......               (no amulet)
                                K - ring of protection from fire
                                u - +4 ring of protection

@: no status effects
A: no striking features
a: Renounce Religion


You were in an ice cave.
You worshipped Vehumet.
Vehumet was greatly pleased with you.
You were hungry.

You visited 3 branches of the dungeon, and saw 12 of its levels.
You also visited: Sewer and Ice Cave.

You collected 603 gold pieces.

Inventory:

Hand Weapons
 y - a +2 dagger of freezing (weapon)
Armour
 a - a +1 robe (worn)
 l - a +1 cloak (worn)
 m - a +0 shield
Jewellery
 u - a +4 ring of protection (left hand)
 x - an uncursed ring of positive energy
 A - an uncursed ring of flight
 D - an uncursed ring of resist corrosion
 K - a ring of protection from fire (right hand)
Wands
 i - a wand of paralysis (15/24)
 n - a wand of flame (48/48)
Scrolls
 f - 2 scrolls of remove curse
 k - 8 scrolls of amnesia
 r - 6 scrolls of teleportation
 v - 2 scrolls of fog
 w - a scroll of recharging
 C - a scroll of brand weapon {unknown}
Potions
 e - a potion of lignification
 j - a potion of curing
 o - a potion of magic
 p - 7 potions of flight
 q - a potion of ambrosia
 s - 2 potions of brilliance
 t - 4 potions of haste
 z - a potion of might
 E - 3 potions of resistance
 G - a potion of cancellation
Books
 b - a book of Flames

   Spells                             Type                      Level
   a - Flame Tongue                   Conjuration/Fire             1
   b - Throw Flame                    Conjuration/Fire             2
   c - Conjure Flame                  Conjuration/Fire             3
   d - Inner Flame                    Hexes/Fire                   3
   e - Sticky Flame                   Conjuration/Fire             4
   f - Fireball                       Conjuration/Fire             5
Comestibles
 c - 10 bread rations
 g - 8 beef jerkies
 h - 6 meat rations
 B - 13 chunks of flesh


   Skills:
 + Level 4.1 Fighting
 + Level 4.2 Armour
 + Level 8.0 Dodging
 - Level 4.2 Stealth
 + Level 4.5 Shields
 * Level 11.6 Spellcasting
 + Level 7.1 Conjurations
 + Level 7.9 Fire Magic
 + Level 1.8 Air Magic
 + Level 3.7 Earth Magic
 + Level 5.5 Evocations


You had 7 spell levels left.
You knew the following spells:

 Your Spells              Type           Power        Failure   Level  Hunger
a - Flame Tongue          Conj/Fire      #####        1%          1    None
b - Throw Flame           Conj/Fire      ######       1%          2    None
c - Conjure Flame         Conj/Fire      ######..     1%          3    None
d - Inner Flame           Hex/Fire       ####....     1%          3    None
e - Sticky Flame          Conj/Fire      ######..     1%          4    None
f - Fireball              Conj/Fire      ######....   2%          5    ###....
g - Sting                 Conj/Pois      ####         1%          1    None
h - Stone Arrow           Conj/Erth      #####.       1%          3    None
i - Airstrike             Air            ###.......   7%          4    None


Dungeon Overview and Level Annotations

Branches:
Dungeon (8/15)             Temple (1/1) D:5            Lair (3/6) D:8
  Swamp: Lair:2-4    Shoals: Lair:2-4     Snake: Lair:2-4    Spider: Lair:2-4

Altars:
Ashenzari
Cheibriados
Dithmenos
Elyvilon
Fedhas
Gozag
Hepliaklqana
Kikubaaqudgha
Makhleb
Nemelex Xobeh
Okawaru
Qazlal
Ru
Sif Muna
Trog
Uskayaw
Vehumet
Xom
Yredelemnul
Zin
The Shining One
Lugonu

Shops:
D:8 [


Message History

The polar bear closely misses you.
Unknown command.
The polar bear burns!
The polar bear burns!
There is an ice covered gate leading back out of this place here.
The polar bear burns!
The polar bear burns!
The polar bear bites you but does no damage.
The polar bear claws you.
* * * LOW HITPOINT WARNING * * *
The polar bear claws you.
* * * LOW HITPOINT WARNING * * *
There is an ice covered gate leading back out of this place here.
The polar bear burns!
Unknown command.
You feel better.
The polar bear burns!
The polar bear stops burning.
The polar bear goes berserk!
Unknown command.
The polar bear bites you!!
You die...

.## ..##
...##
#...#
##...#
#...#
##...##
##..%..##
#.@h∩...#
#.......#
##..∩..##
##...##
#####


You could see a polar bear (berserk).

Vanquished Creatures
  A catoblepas (Lair:2)
  Pikel (D:4)
  A black mamba (Lair:2)
  Joseph (D:7)
  2 rime drakes (Lair:2)
  A komodo dragon (Lair:2)
  A polar bear (IceCv)
  Grinder (D:3)
  20 yaks
  A steam dragon (D:8)
  4 hippogriffs
  4 porcupines (Lair:2)
  4 water moccasins (Lair:1)
  An ice beast (D:6)
  An orc warrior (D:8)
  3 black bears
  2 ogres
  5 centaurs
  3 phantoms
  7 wolves
  3 crocodiles
  7 giant frogs
  A scorpion (D:5)
  3 killer bees (D:8)
  3 wights (D:6)
  4 howler monkeys (D:8)
  3 crimson imps
  3 hounds
  A jelly (D:5)
  4 orc priests
  7 orc wizards
  Terence (D:3)
  2 giant frog skeletons
  An iguana (D:6)
  5 worker ants
  A merfolk avatar (Sewer)
  A siren (Sewer)
  2 hound skeletons
  A worker ant zombie (D:7)
  3 gnolls (D:5)
  11 adders
  23 river rats
  12 white imps (Lair:3)
  An adder skeleton (D:8)
  An adder zombie (D:6)
  A worm (D:3)
  5 dart slugs
  8 giant geckos
  32 orcs
  16 bats
  13 giant cockroaches
  2 gnoll zombies (D:3)
  3 goblins
  9 hobgoblins
  6 jackals
  4 quokkas
  5 ball pythons
  A giant gecko zombie (D:7)
  10 giant newts
  A jackal skeleton (D:4)
  8 kobolds
  39 rats
  A bush (D:6)
  2 plants
334 creatures vanquished.

Vanquished Creatures (others)
  A worker ant (D:4)
  An orc wizard (D:5)
  10 fungi
  9 plants (D:8)
21 creatures vanquished.

Grand Total: 355 creatures vanquished

Notes
Turn   | Place    | Note
-------+----------+-------------------------------------------
     0 | D:1      | Kidiri the Deep Elf Fire Elementalist began the quest for the Orb.
     0 | D:1      | Reached XP level 1. HP: 10/10 MP: 6/6
   218 | D:1      | Reached XP level 2. HP: 11/15 MP: 6/8
   222 | D:1      | Learned a level 2 spell: Throw Flame
   658 | D:1      | Reached XP level 3. HP: 19/19 MP: 2/10
   663 | D:1      | Learned a level 3 spell: Conjure Flame
   667 | D:1      | Learned a level 3 spell: Inner Flame
  1244 | D:2      | Reached skill level 4 in Spellcasting
  1790 | D:2      | Reached XP level 4. HP: 21/24 MP: 7/12
  2293 | D:3      | Noticed Grinder
  2304 | D:3      | Upgraded the game from 0.19-a0-1341-g3513869 to 0.19-a0-1365-gb34f4cb
  2318 | D:3      | Paralysed by Grinder for 6 turns
  2325 | D:3      | Killed Grinder
  2325 | D:3      | Reached skill level 5 in Spellcasting
  2325 | D:3      | Reached XP level 5. HP: 18/28 MP: 1/14
  2325 | D:3      | Reached XP level 6. HP: 21/33 MP: 1/15
  2331 | D:3      | Learned a level 4 spell: Sticky Flame
  2399 | D:3      | Found a glowing drain.
  2427 | Sewer    | Entered a sewer
  4045 | D:3      | Reached skill level 6 in Spellcasting
  4265 | D:3      | Noticed Terence
  4277 | D:3      | Killed Terence
  4397 | D:3      | Found a basalt altar of Yredelemnul.
  4476 | D:3      | Reached XP level 7. HP: 35/37 MP: 8/18
  4595 | D:4      | Reached skill level 5 in Fire Magic
  4811 | D:4      | Found a radiant altar of Vehumet.
  4817 | D:4      | Became a worshipper of Vehumet
  4824 | D:4      | Learned a level 5 spell: Fireball
  4928 | D:4      | Noticed Pikel
  4944 | D:4      | Killed Pikel
  4944 | D:4      | Reached skill level 1 in Fighting
  4944 | D:4      | Reached skill level 1 in Armour
  4944 | D:4      | Reached skill level 1 in Shields
  4944 | D:4      | Reached skill level 7 in Spellcasting
  4944 | D:4      | Reached skill level 1 in Evocations
  4944 | D:4      | Reached XP level 8. HP: 21/43 MP: 0/21
  5632 | D:4      | Found a glowing golden altar of the Shining One.
  5983 | D:5      | Entered Level 5 of the Dungeon
  6184 | D:5      | Found a staircase to the Ecumenical Temple.
  6193 | Temple   | Entered the Ecumenical Temple
  6622 | D:5      | Reached skill level 5 in Dodging
  6766 | D:5      | Reached skill level 8 in Spellcasting
  7673 | D:6      | Found a blossoming altar of Fedhas.
  7751 | D:6      | Reached XP level 9. HP: 48/48 MP: 2/23
  8094 | D:6      | Reached * piety under Vehumet
  8094 | D:6      | Offered knowledge of Sting by Vehumet.
  8366 | D:6      | Learned a level 1 spell: Sting
  8494 | D:6      | Reached skill level 5 in Conjurations
  9177 | D:5      | Found a snail-covered altar of Cheibriados.
  9177 | D:5      | Found a deep blue altar of Sif Muna.
  9180 | D:5      | Found a sacrificial altar of Ru.
  9216 | D:7      | Found a sparkling altar of Nemelex Xobeh.
  9328 | D:7      | Found a shadowy altar of Dithmenos.
  9457 | D:7      | Found a shimmering altar of Xom.
  9457 | D:7      | Found a shimmering altar of Xom.
  9457 | D:7      | Found a shimmering altar of Xom.
  9457 | D:7      | Found a shimmering altar of Xom.
  9458 | D:7      | Found a shimmering altar of Xom.
  9458 | D:7      | Found a shimmering altar of Xom.
  9506 | D:7      | Found a shimmering altar of Xom.
  9596 | D:7      | Found a stormy altar of Qazlal.
  9819 | D:7      | Found a shimmering altar of Xom.
  9831 | D:7      | Noticed a meliai
  9958 | D:7      | Noticed Joseph
  9973 | D:7      | Killed Joseph
  9973 | D:7      | Reached skill level 9 in Spellcasting
 10575 | D:8      | Found a hazy altar of Hepliaklqana.
 10577 | D:8      | Found a shimmering altar of Xom.
 10578 | D:8      | Noticed a spectral ugly thing
 10600 | D:8      | Paralysed by an orc for 7 turns
 10612 | D:8      | Offered knowledge of Magic Dart by Vehumet.
 10643 | D:8      | Reached ** piety under Vehumet
 10652 | D:8      | Found Urov's Armour Emporium.
 10944 | D:8      | Found an opulent altar of Gozag.
 10945 | D:8      | Found a glowing silver altar of Zin.
 11085 | D:8      | Found a staircase to the Lair.
 11218 | D:8      | Reached XP level 10. HP: 43/56 MP: 21/25
 11377 | D:8      | Offered knowledge of Stone Arrow by Vehumet.
 11382 | D:8      | Learned a level 3 spell: Stone Arrow
 11641 | Lair:1   | Entered Level 1 of the Lair of Beasts
 11660 | Lair:1   | Reached skill level 10 in Spellcasting
 11673 | Lair:1   | Reached skill level 1 in Earth Magic
 12301 | Lair:1   | Reached *** piety under Vehumet
 12997 | Lair:2   | Noticed a black mamba
 13006 | Lair:2   | Killed a black mamba
 13006 | Lair:2   | Reached skill level 5 in Evocations
 13093 | Lair:2   | Noticed a catoblepas
 13306 | Lair:2   | Killed a catoblepas
 13306 | Lair:2   | Reached skill level 11 in Spellcasting
 13306 | Lair:2   | Reached XP level 11. HP: 38/60 MP: 8/28
 13801 | Lair:2   | Offered knowledge of Airstrike by Vehumet.
 13807 | Lair:2   | Learned a level 4 spell: Airstrike
 14538 | Lair:2   | Reached skill level 1 in Air Magic
 14897 | Lair:3   | Reached **** piety under Vehumet
 14899 | Lair:3   | Offered knowledge of Mephitic Cloud by Vehumet.
 14906 | Lair:3   | Found a frozen archway.
 14923 | IceCv    | Entered an ice cave
 14943 | IceCv    | HP: 2/61 [yak (13)]
 14949 | IceCv    | HP: 1/61 [yak (12)]
 14966 | IceCv    | Slain by a polar bear

Vault maps used:
D:1:      minmay_arrival_wavy_path
D:2:      first_bread
D:3:      lemuel_zombie_altar_yredelemnul, portal_sewer_entry_f, uniq_grinder,
          uniq_terence
D:4:      overflow_temple_1_default, marbit_many_paths, minivault_11, uniq_pikel
D:5:      nicolae_overflow_hidden_temple
D:6:      eino_curves_04, fedhas_bush_and_centaur_altar
D:7:      nemelex_xobeh_ov_fountains_minmay, nicolae_dithmenos_shadow_blocks,
          overflow_temple_1_default, grunt_ogre_cave, xom_shifter_show,
          uniq_joseph
D:8:      grunt_temple_overflow_gold_and_silver, regret_index_temple_of_mockery,
          grunt_lair_entry_orc_guard_hut, serial_shops, nicolae_shop_stone
Temple:   corrupted_temple
Lair:1:   serial_bayou_pond_c, grunt_megastairs_2
Lair:3:   portal_ice_cave_entry_imps
Sewer:    sewer_sea
IceCv:    ice_cave_small_giant

Skill      XL: |  1  2  3  4  5  6  7  8  9 10 11 |
---------------+----------------------------------+-----
Spellcasting   | 4 5 6 7 8 9 11 | 11.6
Dodging        | 3 4 5 7 8 |  8.0
Fire Magic     | 4 5 6 7 |  7.9
Stealth        | 4 |  4.2
Conjurations   | 2 3 4 5 6 7 |  7.1
Fighting       | 1 2 3 4 |  4.1
Armour         | 1 3 4 |  4.2
Shields        | 1 2 3 4 |  4.5
Evocations     | 1 2 4 5 |  5.5
Earth Magic    | 2 3 |  3.7
Air Magic      | 1 |  1.8

Action                   |  1- 3 |  4- 6 |  7- 9 | 10-12 || total
-------------------------+-------+-------+-------+-------++-------
Melee: Unarmed           |     2 |       |       |       ||     2
       Dagger            |    25 |    44 |   129 |    82 ||   280
 Fire: Longbow           |       |       |     9 |       ||     9
 Cast: Flame Tongue      |    61 |    78 |   175 |   123 ||   437
       Throw Flame       |       |    18 |    29 |    22 ||    69
       Sticky Flame      |       |     3 |    18 |    44 ||    65
       Inner Flame       |       |       |    12 |       ||    12
       Conjure Flame     |       |       |    11 |     3 ||    14
       Fireball          |       |       |     3 |    12 ||    15
       Sting             |       |       |    25 |       ||    25
Evoke: Wand              |       |       |       |     1 ||     1
  Use: Scroll            |     3 |     7 |     6 |     9 ||    25
       Potion            |       |     1 |     2 |     9 ||    12
 Stab: Sleeping          |     7 |     9 |     9 |     3 ||    28
  Eat: Chunk             |     3 |     8 |    20 |     8 ||    39
       Pizza             |       |       |     1 |       ||     1
       Beef jerky        |       |       |     1 |       ||     1
       Bread ration      |       |       |       |     1 ||     1
Armor: Robe              |     9 |    10 |    74 |    44 ||   137
Dodge: Dodged            |    38 |    48 |   148 |   176 ||   410
